 Dungeon Crawl Stone Soup version 0.31.0-11-ge490571c62 (webtiles) character file.

Game seed: 16183664687619346148

51 qw the Shooter (level 3, 0/20 HPs)
             Began as a Deep Elf Hunter on Feb 5, 2024.
             Slain by an adder (2 damage)
             ... on level 2 of the Dungeon.
             The game lasted 00:00:17 (1011 turns).

qw the Shooter (Deep Elf Hunter)                    Turns: 1011, Time: 00:00:17

Health: 0/20       AC:  5    Str: 10    XL:     3   Next: 57%
Magic:  5/5        EV: 12    Int: 13    God:
Gold:   81         SH:  0    Dex: 18    Spells: 2/2 levels left

rFire   . . .        a - +0 shortbow
rCold   . . .        (shield currently unavailable)
rNeg    . . .        c - +0 leather armour
rPois   .            (no helmet)
rElec   .            (no cloak)
rCorr   .            (no gloves)
SInv    .            h - +1 pair of boots
Will    .....        (no amulet)
Stlth   ++           (no ring)
HPRegen 0.23/turn    (no ring)
MPRegen 0.09/turn

%: no passive effects
@: lethally poisoned (0 -> -3)
A: no striking features
a: no special abilities


You were on level 2 of the Dungeon.
You visited 1 branch of the dungeon, and saw 2 of its levels.

You collected 81 gold pieces.


   Skills:
 - Level 1.5 Fighting
 + Level 7.1 Ranged Weapons
 - Level 2.4 Dodging
 - Level 1.2 Stealth


You had 2 spell levels left.
You didn't know any spells.
Your spell library was empty.

Inventory:

Hand Weapons
 a - a +0 shortbow (weapon)
Armour
 c - a +0 leather armour (worn)
 h - a +1 pair of boots (worn)
Scrolls
 e - a scroll of amnesia {unknown}
 f - 2 scrolls of identify {unknown}
Potions
 b - a potion of degeneration {unknown}
 d - a potion of haste {unknown}
 k - 2 potions of brilliance {unknown}

Dungeon Overview and Level Annotations

Branches:
Dungeon (2/15)

Altars:

Annotations:
D:2 Robin


Message History

The bat barely misses you. Robin throws the goblin at you!
The goblin barely misses you. The goblin hits you with a +0 club.
You shoot an arrow. The arrow hits the hobgoblin.
The hobgoblin is moderately wounded.
The bat barely misses you.
Robin roars a battlecry!
The goblins go into a battle-frenzy!
The goblin barely misses you.
The hobgoblin hits you but does no damage.
The goblin hits you with a +0 club.
You shoot an arrow. The arrow hits the hobgoblin.
You kill the hobgoblin!
The bat barely misses you. The goblin closely misses you. x2
The bat hits you but does no damage.
You shoot an arrow. The arrow hits the goblin!
You kill the goblin!
The bat misses you. The goblin hits you with a +0 club.
Robin roars a battlecry!
You shoot an arrow. The arrow hits the goblin.
You kill the goblin!
The bat hits you but does no damage.
A goblin comes into view. It is wielding a +0 club.
The goblin closely misses you. The adder closely misses you.
The goblin misses you.
The goblin moves out of view.
You shoot an arrow. The arrow closely misses the adder.
The arrow hits Robin!
Robin is heavily wounded.
The bat hits you but does no damage. The adder misses you.
A goblin comes into view. It is wielding a +0 club.
The goblin completely misses you.
You shoot an arrow. The arrow closely misses the adder.
The goblin shouts!
The arrow hits Robin.
Robin is severely wounded.
The bat hits you but does no damage. The adder bites you.
You are poisoned.
The adder poisons you! The goblin completely misses you. The adder bites you.
You shoot an arrow. The arrow hits the adder.
The adder is severely wounded.
You feel sick. The bat hits you but does no damage. The adder bites you.
You die...

#.#......#######.#
##.......# #.#
##......# #.#
##..##.# #.#
............ #.#
.###..#..#.# #.#
...#?##.# #.#
##.## ##.#.###.#
#.# #.....g@# #..
......b.Sg# ###
######.##g).. #.
##g... #. .#. #.
.. #. # #.


You could see Robin, an adder, a hobgoblin (strong), 2 goblins and a bat.

Vanquished Creatures
  2 dart slugs
  2 ball pythons (D:1)
  7 bats
  3 endoplasms
  3 giant cockroaches
  3 hobgoblins
  3 jackals (D:1)
  2 kobolds (D:1)
  4 quokkas
  2 frilled lizards
  4 goblins
  3 rats
  A spectral hobgoblin (D:1)
39 creatures vanquished.

Notes
Turn   | Place    | Note
-------+----------+-------------------------------------------
     0 | D:1      | qw the Deep Elf Hunter began the quest for the Orb.
     0 | D:1      | Reached XP level 1. HP: 12/12 MP: 3/3
     0 | D:1      | 0 ||| qw: Version: 0.3-a-160-g6735b56
     0 | D:1      | 0 ||| qw: Game counter: 6179
     0 | D:1      | 0 ||| qw: Melee chars always use a shield: true
     0 | D:1      | 0 ||| qw: God list: Okawaru
     0 | D:1      | 0 ||| qw: Allow faded altars: false
     0 | D:1      | 0 ||| qw: Do Orc after clearing Dungeon:15 true
     0 | D:1      | 0 ||| qw: Do second Lair branch before Depths: true
     0 | D:1      | 0 ||| qw: Lair rune preference: random
     0 | D:1      | 0 ||| qw: Goals: Normal
     0 | D:1      | 0 ||| PLANNING D:1-11
   108 | D:1      | Reached skill level 6 in Ranged Weapons
   108 | D:1      | Reached XP level 2. HP: 16/16 MP: 4/4
   386 | D:1      | Found a faded altar of an unknown god.
   451 | D:1      | Reached XP level 3. HP: 20/20 MP: 5/5
   719 | D:1      | 719 ||| UPGRADING to +0 pair of boots.
   724 | D:1      | 724 ||| READING scroll labelled QEIGIR UNITUE.
   725 | D:1      | 725 ||| READING 2 scrolls labelled ANAGRIE LIMAO.
   726 | D:1      | 726 ||| READING scroll labelled QAJAETYGIS.
   727 | D:1      | 727 ||| READING scroll labelled FUATWAGGAOC.
   828 | D:1      | 828 ||| READING scroll labelled FACAEL OHOTU.
   828 | D:1      | 828 ||| ENCHANTING +0 pair of boots.
   829 | D:1      | 829 ||| DROPPING scroll of butterflies.
   830 | D:1      | 830 ||| DROPPING scroll of blinking.
   966 | D:2      | Reached skill level 7 in Ranged Weapons
  1000 | D:2      | Noticed Robin
  1010 | D:2      | HP: 5/20 [adder (3)]
  1011 | D:2      | HP: 2/20 [poisoned by an adder]
  1011 | D:2      | Slain by an adder

Levels and vault maps discovered:
D:1:      kennysheep_arrival_seaside, layout_basic,
          dreamdust_ecumenical_altar_drowned_temple
D:2:      layout_loops_ring, minmay_misc_feat_five, uniq_robin

Skill      XL: |  1  2  3 |
---------------+----------+-----
Ranged Weapons | 6 7 |  7.1
Fighting       | |  1.5
Dodging        | |  2.4
Stealth        | |  1.2

Action                     || total
---------------------------++-------
   Fire: Shortbow          ||   105
    Use: Scroll            ||     5
 Armour: Leather armour    ||    33
  Dodge: Dodged            ||    37

Table legend:
 A = Non-vault XP
 B = Vault XP
 C = Vault XP percentage of total XP
 D = Non-vault monster count
 E = Vault monster count
 F = Vault count percentage of total count
                 A         B        C        D         E       F
            +---------+---------+-------+---------+---------+-------
      Total |      64 |       9 |  12.3 |      34 |       5 |  12.8
            +---------+---------+-------+---------+---------+-------
        D:1 |      46 |       1 |   2.1 |      25 |       1 |   3.8
        D:2 |      18 |       8 |  30.8 |       9 |       4 |  30.8
            +---------+---------+-------+---------+---------+-------
